 Dungeon Crawl Stone Soup version 0.21.1-72-gffa868e (webtiles) character file.

274 taaruk the Chopper (level 6, -1/56 HPs)
             Began as a Minotaur Berserker on Aug 5, 2018.
             Was a Believer of Trog.
             Slain by a gnoll
             ... wielding a +0 spear
              (7 damage)
             ... on level 3 of the Dungeon.
             The game lasted 00:09:37 (1547 turns).

taaruk the Chopper (Minotaur Berserker)             Turns: 1547, Time: 00:09:37

Health: -1/56      AC:  4    Str: 22    XL:     6   Next: 3%
Magic:  5/5        EV: 12    Int:  5    God:    Trog [**....]
Gold:   95         SH:  0    Dex: 10    Spells: 5/5 levels left

rFire    . . .     SeeInvis .   a - +0 hand axe
rCold    . . .     Gourm    .   (no shield)
rNeg     . . .     Faith    .   i - +0 leather armour
rPois    .         Spirit   .   (helmet restricted)
rElec    .         Reflect  .   (no cloak)
rCorr    .         Harm     .   g - +0 pair of gloves
MR       ++...                  (no boots)
Stlth    +.........             (no amulet)
HPRegen  1.18/turn              (no ring)
MPRegen  0.09/turn              (no ring)

@: berserk cooldown, regenerating, slowed, very slow
A: retaliatory headbutt, horns 2
a: Berserk, Trog's Hand, Burn Spellbooks, Renounce Religion


You were on level 3 of the Dungeon.
You worshipped Trog.
Trog was pleased with you.
You were hungry.

You visited 1 branch of the dungeon, and saw 3 of its levels.

You collected 95 gold pieces.

Inventory:

Hand Weapons
 a - a +0 hand axe (weapon)
Missiles
 e - 20 bolts
Armour
 b - a +0 animal skin
 g - a +0 pair of gloves (worn)
 i - a +0 leather armour (worn)
Jewellery
 l - a +3 ring of protection {unknown}
Scrolls
 h - a scroll of identify {unknown}
 j - a scroll of teleportation {unknown}
 k - a scroll of noise {unknown}
 m - a scroll of enchant armour {unknown}
 o - a scroll of magic mapping {unknown}
 s - a scroll of amnesia {unknown}
Potions
 d - a potion of cancellation {unknown}
 f - a potion of heal wounds {unknown}
 n - a potion of haste {unknown}
 q - a potion of curing {unknown}
 r - a potion of flight {unknown}
 t - a potion of lignification {unknown}
 u - a potion of might {unknown}
Comestibles
 c - 6 rations
 p - a chunk of flesh


   Skills:
 + Level 5.5 Fighting
 + Level 6.1 Axes
 + Level 3.3 Armour
 + Level 3.0 Dodging


You had 5 spell levels left.
You didn't know any spells.

Dungeon Overview and Level Annotations

Branches:
Dungeon (3/15)

Altars:
Xom

Annotations:
D:3 Anandil's ghost, amateur DsFi; Grinder


Innate Abilities, Weirdness & Mutations

You reflexively headbutt those who attack you in melee.
You have a pair of horns on your head.


Message History

You barely miss the gnoll. You headbutt the gnoll.
The gnoll is lightly wounded.
The gnoll hits you from afar with a spear.
The gnoll closely misses you.
You barely miss the gnoll.
The gnoll is lightly wounded.
The gnoll misses you. The gnoll barely misses you. You furiously retaliate!
You headbutt the gnoll! The gnoll hits you but does no damage.
The gnoll completely misses you. The gnoll hits you.
Your skin crawls.
You feel resistant to hostile enchantments.
You feel somewhat more hungry.
The gnoll hits you from afar with a spear!
* * * LOW HITPOINT WARNING * * *
The gnoll hits you from afar with a spear.
* * * LOW HITPOINT WARNING * * *
The gnoll hits you.
* * * LOW HITPOINT WARNING * * *
The gnoll hits you from afar with a spear!
You die...

#.. . #..#. #....
# # # #...# .#
.## #.#
#...##.#...# ....
#..))......#
..... #)<......#
....5g##†)).....#
#?.hgg@.........
...#oo#.#.......#
...W #.#....?..#
..## #.#..[....#
. #.######### ..#
###


You could see Grinder, Anandil's ghost, 3 gnolls, 2 orcs and a jackal.

Vanquished Creatures
  2 jellies (D:2)
  An orc priest (D:3)
  3 orc wizards (D:3)
  Jessica (D:3)
  2 adders (D:2)
  A gnoll (D:3)
  An ooze (D:2)
  3 dart slugs
  2 orcs (D:3)
  2 giant cockroaches (D:2)
  2 goblins (D:2)
  A hobgoblin (D:2)
  An iguana (D:2)
  8 jackals
  A ball python (D:1)
  3 bats
  4 frilled lizards
  3 kobolds
  5 rats
46 creatures vanquished.

Notes
Turn   | Place    | Note
-------+----------+-------------------------------------------
     0 | D:1      | taaruk the Minotaur Berserker began the quest for the Orb.
     0 | D:1      | Reached XP level 1. HP: 19/19 MP: 0/0
   624 | D:1      | Reached skill level 4 in Axes
   624 | D:1      | Reached XP level 2. HP: 22/27 MP: 1/1
   823 | D:2      | Found a shimmering altar of Xom.
   965 | D:2      | Reached XP level 3. HP: 30/33 MP: 2/2
  1099 | D:2      | Reached XP level 4. HP: 27/41 MP: 3/3
  1105 | D:2      | Reached ** piety under Trog
  1105 | D:2      | Reached skill level 5 in Axes
  1521 | D:3      | Noticed Jessica
  1523 | D:3      | Killed Jessica
  1523 | D:3      | Reached skill level 5 in Fighting
  1523 | D:3      | Reached XP level 5. HP: 45/48 MP: 4/4
  1528 | D:3      | Reached skill level 6 in Axes
  1539 | D:3      | Reached XP level 6. HP: 56/56 MP: 5/5
  1543 | D:3      | Noticed Grinder
  1545 | D:3      | Noticed Anandil's ghost (amateur DsFi)
  1547 | D:3      | Slain by a gnoll

Skill      XL: |  1  2  3  4  5 |
---------------+----------------+-----
Axes           | 4 5 6 |  6.1
Fighting       | 4 5 |  5.5
Armour         | 3 |  3.3
Dodging        | 3 |  3.0

Action                   |  1- 3 |  4- 6 || total
-------------------------+-------+-------++-------
Melee: Hand axe          |    59 |    28 ||    87
       Headbutt          |     6 |     5 ||    11
Invok: Berserk           |       |     1 ||     1
       Trog's Hand       |       |     1 ||     1
  Eat: Chunk             |     1 |     1 ||     2
Armor: Animal skin       |     2 |       ||     2
       Leather armour    |    13 |     8 ||    21
Dodge: Dodged            |    35 |    18 ||    53
